 Dungeon Crawl Stone Soup version 0.28-a0-1396-gdcb3f3653b (webtiles) character file.

Game seed: 9649416362574739031

3705 Lekart the Slasher (level 9, -4/75 HPs)
             Began as a Yellow Draconian Fighter on Jan 5, 2022.
             Was a Believer of Makhleb.
             Killed from afar by Maggie (17 damage)
             ... with a bolt of fire
             ... on level 8 of the Dungeon.
             The game lasted 00:15:38 (9449 turns).

Lekart the Slasher (Yellow Draconian Fighter)       Turns: 9449, Time: 00:15:39

Health: -4/75      AC: 10    Str: 19      XL:     9   Next: 91%
Magic:  12/12      EV: 14    Int: 12      God:    Makhleb [**....]
Gold:   399        SH:  7    Dex: 14 (15) Spells: 8/8 levels left

rFire   . . .      SeeInvis +   y - +7 dagger "Ygrysivva" {flame, Will+}
rCold   . . .      Faith    .   b - +2 buckler
rNeg    . . .      Spirit   .   (armour unavailable)
rPois   .          Reflect  .   (helmet restricted)
rElec   .          Harm     .   (no cloak)
rCorr   +          Rampage  +   (no gloves)
Will    +....                   B - +2 pair of boots {rampage}
Stlth   +.........              (no amulet)
HPRegen 0.22/turn               g - ring of see invisible
MPRegen 0.13/turn               (no ring)

@: hasted, unable to read, very quick
A: spit acid, AC +7, unfitting armour, cold-blooded, acid resistance, clever 2,
no potion heal 1, subdued magic 2, inability to read while threatened
a: Breathe Acid, Renounce Religion, Minor Destruction


You were on level 8 of the Dungeon.
You worshipped Makhleb.
Makhleb was pleased with you.
You visited 2 branches of the dungeon, and saw 9 of its levels.
You also visited: Ossuary.

You collected 399 gold pieces.

Inventory:

Hand Weapons
 a - a +0 long sword of protection
 y - the +7 dagger "Ygrysivva" (weapon) {flame, Will+}
   (You found it on level 6 of the Dungeon)

   It burns those it strikes, dealing additional fire damage.
   Will:      It increases your willpower.
Missiles
 i - a boomerang (quivered)
 q - 2 throwing nets
Armour
 b - a +2 buckler (worn)
 B - a +2 pair of boots of rampaging (worn)
Jewellery
 g - a ring of see invisible (left hand)
 t - an amulet of regeneration
Wands
 k - a wand of flame (12)
 w - a wand of polymorph (9)
 x - a wand of iceblast (6)
Scrolls
 h - 3 scrolls of brand weapon
 l - 5 scrolls of teleportation
 n - 3 scrolls of fear
 o - a scroll of identify
 s - a scroll of holy word
Potions
 c - 3 potions of might
 d - a potion of heal wounds
 e - 2 potions of flight
 f - 9 potions of curing
 j - 2 potions of haste
 m - 2 potions of brilliance
 p - 2 potions of attraction
 r - a potion of lignification


   Skills:
 + Level 6.1 Fighting
 + Level 4.1(6.0) Short Blades
 + Level 6.6(7.2) Long Blades
 + Level 5.8 Throwing
 + Level 5.9 Dodging
 + Level 5.2 Shields
 + Level 0.8 Unarmed Combat
 * Level 4.7 Invocations
 + Level 1.5 Evocations


You had 8 spell levels left.
You didn't know any spells.
Your spell library contained the following spells:

 Spells                   Type           Power      Damage    Failure   Level
 Ozocubu's Armour         Ice            0%         N/A       61%         3
 Petrify                  Tmut/Erth      0%         N/A       95%         4
 Metabolic Englaciation   Hex/Ice        0%         N/A       100%        5
 Simulacrum               Ice/Necr       0%         N/A       100%        6
 Statue Form              Tmut/Erth      0%         N/A       100%        6


Dungeon Overview and Level Annotations

Branches:
Dungeon (8/15)             Temple (1/1) D:5         Ossuary (visited)
   Lair: D:8-11

Altars:
Ashenzari
Cheibriados
Elyvilon
Fedhas
Gozag
Hepliaklqana
Kikubaaqudgha
Makhleb
Nemelex Xobeh
Okawaru
Qazlal
Ru
Trog
Uskayaw
Vehumet
Wu Jian
Xom
Yredelemnul
Zin
The Shining One

Annotations:
D:8 Harold, Maggie


Innate Abilities, Weirdness & Mutations

You can spit globs of acid.
Your golden yellow scales are hard. (AC +7)
You cannot fit into any form of body armour.
You are cold-blooded and may be slowed by cold attacks.
You are resistant to acid. (rCorr)
Your mind is very acute. (Int +4)
Potions are less effective at restoring your health.
Your spells are easier to cast, but less powerful.
You sometimes lose the ability to read scrolls when taking damage.


Message History

Aim: a two-headed ogre, wielding a +0 giant spiked club and a +0 giant club (heavily wounded)
You spit a glob of acid.
The glob of acid hits the two-headed ogre!
The two-headed ogre is severely wounded.
You cannot read scrolls in your current state!
You see here 11 gold pieces.
Harold throws a throwing net.
You block the throwing net.
You see here a throwing net.
Harold fires a harpoon shot at you. The harpoon shot misses you.
Harold fires a harpoon shot at you. The harpoon shot misses you.
There is a stone staircase leading down here.
You can read scrolls again.
The two-headed ogre barely misses you.
The two-headed ogre hits you with a +0 giant club!
You feel threatened and lose the ability to read scrolls!
* * * LOW HITPOINT WARNING * * *
Harold thinks, and says "Perhaps I'll take up hiking after I'm done here..."
You cannot read scrolls in your current state!
Your system partially rejects the healing.
You feel much better.
Harold says, "Ah, this is what I got into this business for!"
You feel yourself speed up. The two-headed ogre misses you.
The two-headed ogre hits you with a +0 giant club!
* * * LOW HITPOINT WARNING * * *
You have got your breath back.
Maggie the Vainglorious comes into view.
She is wielding a +0 broad axe of draining and carrying a wand of iceblast (6).
Maggie shouts!
You rampage towards Maggie!
Found a stone staircase leading up.
You rampage towards Maggie!
You hit Maggie. You burn Maggie.
Maggie is lightly wounded.
Maggie closely misses you.
Found 12 gold pieces.
Maggie gestures wildly while chanting.
Maggie attempts to bespell you! You resist with almost no effort.
There is a stone staircase leading up here.
Maggie gestures at you while chanting. The bolt of fire hits you!
You die...

,* *,*****#.## ,*
*,,,,,,...# ,* *,*****#..#
,*****,* #..# ,,,,,,,* #..#
***,*#.* #..# *,*#.# #..#
*,*#.# #@.#########****
*,*#.# #...@.....$.,,,*
*,*#.# #.###.######**,*
###,*#.# #.# *.# *,*
....##.######.###.#####***,*
**#....@.O............,,,*,*
#.##.#####...####.###*,*,*
*,*#.# #...##.....##,#,*
*,*#@# #.#.#.......#.#,*
*,*#.#####.#.#.†.....#.#,*


You could see Maggie.

Vanquished Creatures
  Grinder (D:5)
  A wraith (D:6)
  Eustachio (D:5)
  Duvessa (D:7)
  A water moccasin (D:7)
  4 black bears
  A sky beast (D:5)
  2 necrophages
  3 ogres
  2 phantoms
  3 bullfrogs (D:7)
  A scorpion (D:4)
  2 wyvern zombies (Ossuary)
  A water moccasin zombie (Ossuary)
  5 howler monkeys
  5 centaur zombies
  6 bullfrog zombies (Ossuary)
  2 hounds
  2 jellies
  A centaur skeleton (D:7)
  A bullfrog skeleton (D:6)
  2 gnoll shamans (D:7)
  An iguana (D:6)
  2 orc wizards (D:5)
  3 killer bee zombies (Ossuary)
  14 mummies (Ossuary)
  3 howler monkey zombies
  13 gnolls
  4 adders
  2 shadow imps
  2 ufetubi (D:4)
  4 worms
  3 dart slugs
  18 orcs
  7 ball pythons
  8 endoplasms
  3 giant cockroaches (D:2)
  3 goblins
  8 hobgoblins
  13 kobolds
  3 quokkas
  10 bats
  3 frilled lizards
  A rat (D:1)
176 creatures vanquished.

Vanquished Creatures (others)
  7 plants (D:7)
  6 withered plants (Ossuary)
13 creatures vanquished.

Grand Total: 189 creatures vanquished

Notes
Turn   | Place    | Note
-------+----------+-------------------------------------------
     0 | D:1      | Lekart the Draconian Fighter began the quest for the Orb.
     0 | D:1      | Reached XP level 1. HP: 19/19 MP: 1/1
    13 | D:1      | Found a faded altar of an unknown god.
   247 | D:1      | Reached XP level 2. HP: 26/26 MP: 2/2
   900 | D:2      | Reached XP level 3. HP: 26/33 MP: 3/3
  1680 | D:2      | Reached XP level 4. HP: 40/40 MP: 4/4
  1948 | D:3      | Reached skill level 1 in Throwing
  2087 | D:3      | Noticed a black bear
  2096 | D:3      | HP: 2/40 [black bear (5)]
  2097 | D:3      | Killed a black bear
  2098 | D:3      | Reached XP level 5. HP: 3/46 MP: 5/5
  3181 | D:4      | Noticed a phantom
  3194 | D:4      | Killed a phantom
  3195 | D:4      | Reached XP level 6. HP: 34/52 MP: 6/6
  3729 | D:4      | Found a white marble altar of Elyvilon.
  3814 | D:4      | Found a snail-covered altar of Cheibriados.
  4118 | D:5      | Entered Level 5 of the Dungeon
  4144 | D:5      | Your scales start taking on a golden yellow colour.
  4144 | D:5      | Reached XP level 7. HP: 55/60 MP: 7/7
  4144 | D:5      | Gained mutation: You are resistant to acid. (rCorr) [Yellow
                  | Draconian growth]
  4182 | D:5      | Noticed Grinder
  4184 | D:5      | Paralysed by Grinder for 4 turns
  4617 | D:5      | Killed Grinder
  4618 | D:5      | Reached skill level 5 in Long Blades
  4713 | D:5      | Reached skill level 5 in Fighting
  4806 | D:5      | Noticed Eustachio
  4873 | D:5      | Killed Eustachio
  4874 | D:5      | Reached XP level 8. HP: 68/68 MP: 8/8
  5182 | D:5      | Found a staircase to the Ecumenical Temple.
  5326 | Temple   | Entered the Ecumenical Temple
  5655 | Temple   | Became a worshipper of Makhleb the Destroyer
  5918 | D:5      | Reached skill level 1 in Invocations
  6019 | D:6      | Reached skill level 5 in Dodging
  6261 | D:6      | Found an ancient bone altar of Kikubaaqudgha.
  6287 | D:6      | Identified the +7 dagger "Ygrysivva" {flame, Will+}
  6387 | D:6      | Found a shimmering altar of Xom.
  6388 | D:6      | Found a hazy altar of Hepliaklqana.
  6390 | D:6      | Noticed a spectral ugly thing
  6921 | D:6      | Reached * piety under Makhleb
  6982 | D:7      | Found a glowing golden altar of the Shining One.
  7062 | D:7      | Noticed Duvessa
  7063 | D:7      | Noticed Dowan
  7069 | D:7      | Killed Duvessa
  7070 | D:7      | Reached XP level 9. HP: 68/74 MP: 9/11
  7074 | D:7      | Noticed Dowan
  7074 | D:7      | Dowan changed into Dowan the howler monkey
  7081 | D:7      | Killed Dowan the howler monkey
  7198 | D:7      | Reached skill level 1 in Short Blades
  7455 | D:7      | Reached skill level 5 in Throwing
  7799 | D:7      | Reached skill level 1 in Evocations
  7923 | D:7      | Found a stormy altar of Qazlal.
  8534 | D:7      | Gained mutation: You sometimes lose the ability to read
                  | scrolls when taking damage. [potion of mutation]
  8534 | D:7      | Gained mutation: You have hidden genetic defects. [potion
                  | of mutation]
  8534 | D:7      | Gained mutation: Your mind is acute. (Int +2) [potion of
                  | mutation]
  8534 | D:7      | Gained mutation: Your mind is very acute. (Int +4) [potion
                  | of mutation]
  8744 | D:8      | Found a sand-covered staircase.
  8748 | Ossuary  | Entered an ossuary
  8805 | Ossuary  | Reached skill level 5 in Shields
  8828 | Ossuary  | Reached ** piety under Makhleb
  8985 | Ossuary  | Gained mutation: Your spells are a little easier to cast,
                  | but a little less powerful. [hidden defects]
  9158 | Ossuary  | Lost mutation: Your spells are a little easier to cast, but
                  | a little less powerful. [potion of mutation]
  9158 | Ossuary  | Lost mutation: You have hidden genetic defects. [potion of
                  | mutation]
  9158 | Ossuary  | Gained mutation: Potions are less effective at restoring
                  | your health. [potion of mutation]
  9158 | Ossuary  | Gained mutation: Your spells are a little easier to cast,
                  | but a little less powerful. [potion of mutation]
  9158 | Ossuary  | Gained mutation: Your spells are easier to cast, but less
                  | powerful. [potion of mutation]
  9381 | D:8      | Found an iron altar of Okawaru.
  9406 | D:8      | Noticed a two-headed ogre
  9412 | D:8      | Noticed Harold
  9442 | D:8      | Noticed Maggie
  9449 | D:8      | Killed from afar by Maggie

Illustrated notes

Levels and vault maps discovered:
D:1:      amcnicky_arrival_choice, layout_basic, shapermc_ecumenical_altar_venn
D:2:      layout_loops_cross, minmay_misc_feat_tiny, minmay_3d_cube
D:3:      layout_basic
D:4:      layout_loops_corners, cheibriados_altar_1, kennysheep_mini
D:5:      layout_loops_cross, nicolae_overflow_hidden_temple,
          minmay_temple_entry_ruins, uniq_eustachio, uniq_grinder
D:6:      layout_basic, regret_index_temple_of_mockery, general_overflow_altar
D:7:      layout_basic, mainiacjoe_overflow_alcove_2,
          nicolae_tso_carved_into_rock, nrook_loot_triangle,
          chequers_serial_rivers_room_a, hangedman_decor_push,
          chequers_serial_rivers_large_a, hangedman_decor_riveting,
          nicolae_grassy_gnolls, uniq_duvessa
D:8:      layout_loops_ring, old_standard_altar,
          lightli_ossuary_entry_decrepit_ruins, uniq_maggie, uniq_harold
Temple:   minmay_temple_forest_path

Skill      XL: |  1  2  3  4  5  6  7  8  9 |
---------------+----------------------------+-----
Dodging        | 3 4 5 |  5.9
Long Blades    | 3 4 5 6 |  6.6
Throwing       | 2 3 4 5 |  5.8
Fighting       | 4 5 6 |  6.1
Shields        | 4 5 |  5.2
Invocations    | 2 4 |  4.7
Short Blades   | 4 |  4.1
Evocations     | 1 |  1.5
Unarmed Combat | |  0.8

Action                   |  1- 3 |  4- 6 |  7- 9 || total
-------------------------+-------+-------+-------++-------
Melee: Long sword        |    84 |   107 |   108 ||   299
       Tailslap          |    10 |    16 |    71 ||    97
       Unarmed           |       |       |     6 ||     6
       Dagger            |       |       |   291 ||   291
Throw: Boomerang         |    42 |    38 |    90 ||   170
 Abil: Breathe Acid      |       |       |     6 ||     6
Evoke: Wand              |       |       |    11 ||    11
  Use: Scroll            |       |       |    20 ||    20
       Potion            |       |       |     9 ||     9
 Stab: Confused          |       |       |     1 ||     1
       Distracted        |       |       |     1 ||     1
Armor: Skin              |    54 |    48 |    90 ||   192
Dodge: Dodged            |    94 |    83 |   236 ||   413
Block: Buckler           |    24 |    35 |   110 ||   169

Table legend: (Time is in decaauts)
 A = Elapsed time spent in this place.
 B = Non-inter-level travel time spent in this place.
 C = Inter-level travel time spent in this place.
 D = Time resting spent in this place.
 E = Time spent auto-exploring this place.
 F = Levels seen in this place.
 G = Mean time per level.
                   A        B        C        D        E       F      G
               +--------+--------+--------+--------+--------+-----+--------+
         Total |   9513 |   9196 |    317 |   1209 |   6331 |  10 |  951.3 |
       Dungeon |   8543 |   8280 |    263 |   1209 |   5708 |   8 | 1067.9 |
        Temple |    383 |    329 |     54 |      0 |    316 |   1 |  383.0 |
       Ossuary |    586 |    586 |      0 |      0 |    307 |   1 |  586.0 |
               +--------+--------+--------+--------+--------+-----+--------+

Top non-repeatable levels by time:
     D:7: 1703 daAuts
     D:4: 1474 daAuts
     D:3: 1276 daAuts
     D:5: 1092 daAuts
     D:2: 975 daAuts
     D:6: 945 daAuts
     D:1: 912 daAuts
 Ossuary: 586 daAuts
  Temple: 383 daAuts
     D:8: 164 daAuts
